 Dungeon Crawl Stone Soup version 0.26-a0-505-g732bf3b8d2 (webtiles) character file.

Game seed: 14516241334524176137

366 ANON1729 the Sneak (level 7, 0/42 HPs)
             Began as a Kobold Brigand on Aug 9, 2020.
             Slain by a goblin
             ... wielding a +0 club
             ... led by Robin
              (4 damage)
             ... on level 3 of the Dungeon.
             The game lasted 00:05:28 (3419 turns).

ANON1729 the Sneak (Kobold Brigand)                 Turns: 3419, Time: 00:05:28

Health: 0/42       AC:  3    Str:  8    XL:     7   Next: 1%
Magic:  7/7        EV: 16    Int: 13    God:
Gold:   284        SH:  0    Dex: 18    Spells: 6/6 levels left

rFire    . . .     SeeInvis .   a - +2 dagger
rCold    . . .     Faith    .   (shield restricted)
rNeg     . . .     Spirit   .   b - +0 robe
rPois    .         Reflect  .   (no helmet)
rElec    .         Harm     .   c - +0 cloak
rCorr    .                      (no gloves)
MR       .....                  (no boots)
Stlth    ++........             f - amulet of the acrobat (curse)
HPRegen  0.14/turn              (no ring)
MPRegen  0.10/turn              (no ring)

@: flying, hasted, glowing, very quick
A: small, nightstalker 3
a: no special abilities


You were on level 3 of the Dungeon.
You visited 1 branch of the dungeon, and saw 3 of its levels.
You also visited: Sewer.

You collected 284 gold pieces.

Inventory:

Hand Weapons
 a - a +2 dagger (weapon)
Missiles
 d - 6 poisoned darts (quivered)
Armour
 b - a +0 robe (worn)
 c - a +0 cloak (worn)
Jewellery
 f - a cursed amulet of the acrobat (around neck)
Scrolls
 g - a scroll of fog {unknown}
 h - 2 scrolls of teleportation {unknown}
 j - 5 scrolls of identify {unknown}
 k - a scroll of fear {unknown}
 l - 2 scrolls of blinking {unknown}
 o - 2 scrolls of remove curse {unknown}
 q - 2 scrolls of immolation {unknown}
Potions
 p - a potion of curing {unknown}


   Skills:
 + Level 3.6 Fighting
 * Level 5.1 Short Blades
 + Level 3.5 Throwing
 + Level 3.2 Dodging
 * Level 7.1 Stealth


You had 6 spell levels left.
You didn't know any spells.
Your spell library was empty.

Dungeon Overview and Level Annotations

Branches:
Dungeon (3/15)              Sewer (visited)

Altars:
Gozag
Makhleb
Trog
Vehumet
Zin

Annotations:
D:3 Robin


Innate Abilities, Weirdness & Mutations

You are small and have problems with some larger weapons.
You are completely attuned to the shadows.


Message History

The goblin barely misses you.
It was a potion of cancellation.
You feel magically purged. The goblin hits you with a +0 dagger.
Robin's horned helmet rattles.
The goblin barely misses you. The goblin hits you with a +0 club.
The goblin closely misses you. The goblin misses you.
The goblin closely misses you. The goblin hits you with a +0 dagger.
It was a potion of flight.
You feel very buoyant.
You fly up into the air.
The goblin misses you. The goblin hits you with a +0 club.
* * * LOW HITPOINT WARNING * * *
The goblin hits you with a +0 dagger.
* * * LOW HITPOINT WARNING * * *
The goblin hits you with a +0 club.
* * * LOW HITPOINT WARNING * * *
The goblin barely misses you. The goblin misses you. x2
It was a potion of haste.
You feel yourself speed up. The goblin completely misses you.
The goblin hits you with a +0 club.
You die...

......
..#....
.?#wgg#
#..ggg#
#.#g@g#
...gg###
.......##...#
####...##≈≈≈#
..A#...##≈≈≈#
...#_..##≈≈≈#
...#....#≈≈≈#
####....#≈.≈#
.......#≈≈≈#


You could see an angel, a worm, Robin and 8 goblins.

Vanquished Creatures
  2 bullfrogs (Sewer)
  3 adders
  15 oozes
  2 worms (D:2)
  A dart slug (D:2)
  14 leopard geckos
  5 orcs (D:3)
  5 bats
  13 giant cockroaches
  7 goblins
  12 hobgoblins
  13 ball pythons
  19 frilled lizards
  6 kobolds
  10 rats
127 creatures vanquished.

Notes
Turn   | Place    | Note
-------+----------+-------------------------------------------
     0 | D:1      | ANON1729 the Kobold Brigand began the quest for the Orb.
     0 | D:1      | Reached XP level 1. HP: 12/12 MP: 1/1
    37 | D:1      | Reached XP level 2. HP: 17/18 MP: 2/2
   253 | D:1      | Reached XP level 3. HP: 21/22 MP: 3/3
  1122 | D:2      | Found an opulent altar of Gozag.
  1173 | D:2      | Reached XP level 4. HP: 26/27 MP: 4/4
  1490 | D:2      | Found a burning altar of Makhleb.
  1490 | D:2      | Found a radiant altar of Vehumet.
  1812 | D:3      | Found a bloodstained altar of Trog.
  2012 | D:3      | Reached skill level 6 in Stealth
  2016 | D:3      | Reached XP level 5. HP: 31/32 MP: 5/5
  2155 | D:3      | Found a glowing drain.
  2163 | Sewer    | Entered a sewer
  2993 | Sewer    | Reached XP level 6. HP: 35/37 MP: 6/6
  3334 | Sewer    | Reached skill level 5 in Short Blades
  3334 | Sewer    | Reached skill level 7 in Stealth
  3394 | D:3      | Found a glowing silver altar of Zin.
  3395 | D:3      | Noticed an angel
  3404 | D:3      | Noticed Robin
  3410 | D:3      | Reached XP level 7. HP: 36/42 MP: 7/7
  3419 | D:3      | Slain by a goblin

Illustrated notes

Levels and vault maps discovered:
D:1:      eino_arrival_water_cross, layout_basic, minmay_pentomino_p4
D:2:      layout_loops_corners, gammafunk_temple_overflow_wave,
          grunt_gozag_breadcrumbs, hangedman_glass_garden, st_stairs_9,
          chequers_serial_rivers_micro_e
D:3:      layout_basic, grunt_temple_overflow_order_and_chaos_1,
          nicolae_overflow_crystal_walls, portal_sewer_entry_f, uniq_robin

Skill      XL: |  1  2  3  4  5  6 |
---------------+-------------------+-----
Short Blades   | 3 4 5 |  5.1
Dodging        | 2 3 |  3.2
Throwing       | 3 |  3.5
Fighting       | 3 |  3.6
Stealth        | 6 7 |  7.1

Action                   |  1- 3 |  4- 6 |  7- 9 || total
-------------------------+-------+-------+-------++-------
Melee: Dagger            |    92 |   442 |     2 ||   536
Throw: Dart              |       |       |     4 ||     4
  Use: Potion            |       |     3 |     3 ||     6
 Stab: Sleeping          |    16 |    15 |       ||    31
       Distracted        |     1 |       |       ||     1
Armor: Robe              |    10 |    68 |     4 ||    82
       Skin              |       |   163 |       ||   163
Dodge: Dodged            |    38 |   373 |    31 ||   442

Table legend: (Time is in decaauts)
 A = Elapsed time spent in this place.
 B = Non-inter-level travel time spent in this place.
 C = Inter-level travel time spent in this place.
 D = Time resting spent in this place.
 E = Time spent auto-exploring this place.
 F = Levels seen in this place.
 G = Mean time per level.
                   A        B        C        D        E       F      G
               +--------+--------+--------+--------+--------+-----+--------+
         Total |   3383 |   3337 |     46 |   1032 |   1502 |   4 |  845.8 |
       Dungeon |   2163 |   2117 |     46 |    307 |   1385 |   3 |  721.0 |
         Sewer |   1219 |   1219 |      0 |    725 |    117 |   1 | 1219.0 |
               +--------+--------+--------+--------+--------+-----+--------+

Top non-repeatable levels by time:
   Sewer: 1219 daAuts
     D:2: 969 daAuts
     D:1: 655 daAuts
     D:3: 538 daAuts
